 Dungeon Crawl Stone Soup version 0.30-b1-2-g02819fbbbe (webtiles) character file.

Game seed: 10546226094620887266

1426 Metae the Covered (level 8, -3/73 HPs)
             Began as a Minotaur Fighter on June 19, 2023.
             Succumbed to an orc warrior zombie's poison
             ... on level 5 of the Dungeon.
             The game lasted 00:12:36 (4361 turns).

Metae the Covered (Minotaur Fighter)                Turns: 4361, Time: 00:12:37

Health: -3/73      AC: 13    Str: 24    XL:     8   Next: 44%
Magic:  7/7        EV: 22    Int:  5    God:
Gold:   288        SH:  9    Dex:  9    Spells: 7/7 levels left

rFire   . . .        a - +0 war axe
rCold   . . .        y - +0 kite shield
rNeg    . . .        C - +0 chain mail
rPois   .            (helmet restricted)
rElec   .            x - +2 cloak
rCorr   .            (no gloves)
SInv    .            (no boots)
Will    +....        v - amulet of the acrobat Stlth
                     i - ring of willpower
HPRegen 0.32/turn    (no ring)
MPRegen 0.10/turn

%: acrobat
@: lethally poisoned (-3 -> -40), acrobatic
A: horns 2, retaliatory headbutt
a: no special abilities


You were on level 5 of the Dungeon.
You visited 1 branch of the dungeon, and saw 5 of its levels.
You also visited: Sewer.

You collected 288 gold pieces.

Inventory:

Hand Weapons
 a - a +0 war axe (weapon)
 G - a +1 vampiric whip
Missiles
 e - 28 stones (quivered)
 f - 3 boomerangs
 l - 20 poisoned darts
Armour
 b - a +0 scale mail
 x - a +2 cloak (worn)
 y - a +0 kite shield (worn)
 C - a +0 chain mail (worn)
Jewellery
 i - a ring of willpower (left hand)
 v - an amulet of the acrobat (around neck)
Wands
 J - a wand of digging (6)
Scrolls
 c - 2 scrolls of noise {unknown}
 g - 2 scrolls of teleportation
 h - 2 scrolls of enchant armour
 j - a scroll of amnesia
 m - a scroll of butterflies {unknown}
 p - 2 scrolls of magic mapping
 q - 2 scrolls of vulnerability
 s - 2 scrolls of acquirement {unknown}
 u - 2 scrolls of fog {unknown}
 A - a scroll of fear {unknown}
 B - a scroll of blinking
 D - a scroll of enchant weapon {unknown}
Potions
 d - a potion of might
 k - 3 potions of heal wounds {unknown}
 n - 2 potions of curing {unknown}
 o - a potion of attraction {unknown}
 r - a potion of degeneration {unknown}
 t - 3 potions of mutation {unknown}
 w - 3 potions of ambrosia {unknown}
 z - a potion of haste
 E - a potion of lignification {unknown}
 F - a potion of cancellation {unknown}
 H - a potion of magic {unknown}
 I - a potion of resistance


   Skills:
 + Level 7.2 Fighting
 + Level 6.7 Axes
 + Level 7.2 Armour
 + Level 7.2 Shields


You had 7 spell levels left.
You didn't know any spells.
Your spell library contained the following spells:

 Spells                   Type           Power      Damage    Failure   Level
 Borgnjor's Revivificati  Necr           0%         N/A       100%        8
 Necromutation            Tmut/Necr      0%         N/A       100%        8
 Death's Door             Necr           0%         N/A       100%        9


Dungeon Overview and Level Annotations

Branches:
Dungeon (5/15)              Sewer (visited)
 Temple: D:4-7

Altars:
Kikubaaqudgha

Annotations:
D:5 1 transporter


Innate Abilities, Weirdness & Mutations

You have a pair of horns on your head.
You reflexively headbutt those who attack you in melee.


Message History

Things that are here:
a +0 giant club; an ogre corpse Partly explored, unvisited transporter.
Partly explored, unvisited transporter.
Things that are here:
a +0 giant club; an ogre corpse You enter the shallow water.
Moving in this stuff is going to be slow.
Things that are here:
a +0 robe; a +0 dagger You see here a staff of fire.
There is a transporter here.
You enter the transporter and appear at another place.
I - a potion of resistance You open the gate.
You are engulfed in poison gas.
You are poisoned.
You feel very sick.
There is an open gate here.
You are engulfed in poison gas.
You are more poisoned.
You feel extremely sick.
The orc warrior zombie closely misses you.
The orc warrior zombie hits you with a +0 war axe of venom.
You are more poisoned.
You hit the orc warrior zombie.
The orc warrior zombie is lightly damaged.
You hit the orc warrior zombie.
You are engulfed in poison gas.
You are lethally poisoned!
You feel extremely sick.
You block the orc warrior zombie's attack.
The orc warrior zombie hits you with a +0 war axe of venom.
You are more poisoned.
Blink to where?
Press: ? - help, Dir - move target
As you read the scroll of blinking, it crumbles to dust.
* * * LOW HITPOINT WARNING * * *
You feel extremely sick.
J - a wand of digging (6)
* * * LOW HITPOINT WARNING * * *
You feel extremely sick.
You die...

#### ####### ...#########○☼°☼°#
...##°○°○○○#○○°☼○## ###
....#°○°°○○#☼°°○○#### #.>
....#..#.#.°.○.Z.#..###########..
...©#○.©...○○○Z[@#©..............
|...#.°#.#.°○○.$$#..###########..
~..##.°.°°°#°○○○°####...# ###...
...##°°°○°○#○○☼☼°## #.#.# #...##
...#########.°°○○# #.#.# #.###
...# ##########.#.# #.# [)###
######...#.# #.# ))..# ###
#.......##.####.# .##.####.###
#.####..÷..##...#


You could see 2 orc warrior zombies.

Vanquished Creatures
  Grinder (D:3)
  Duvessa (D:4)
  An ice beast (D:5)
  A black bear (D:4)
  An ogre (D:5)
  2 bullfrogs (Sewer)
  2 scorpions
  Dowan (D:4)
  3 hounds
  A jelly (D:5)
  Jessica (D:3)
  Terence (D:3)
  An iguana (D:5)
  2 orc wizards (D:5)
  6 gnolls
  2 river rats (D:5)
  11 adders
  An ufetubus (D:4)
  2 worms
  3 orcs (D:5)
  10 bats
  21 endoplasms
  11 giant cockroaches
  3 goblins
  3 hobgoblins (D:3)
  4 jackals
  9 quokkas
  20 ball pythons
  12 frilled lizards
  9 kobolds
  3 rats (D:1)
149 creatures vanquished.

Notes
Turn   | Place    | Note
-------+----------+-------------------------------------------
     0 | D:1      | Metae the Minotaur Fighter began the quest for the Orb.
     0 | D:1      | Reached XP level 1. HP: 19/19 MP: 0/0
   169 | D:1      | Reached XP level 2. HP: 26/27 MP: 1/1
   794 | D:1      | Reached XP level 3. HP: 32/33 MP: 2/2
  1562 | D:2      | Reached XP level 4. HP: 36/40 MP: 3/3
  2094 | D:3      | Reached XP level 5. HP: 45/47 MP: 4/4
  2142 | D:3      | Noticed Terence
  2143 | D:3      | Noticed Jessica
  2160 | D:3      | Killed Terence
  2163 | D:3      | Killed Jessica
  2238 | D:3      | Noticed Grinder
  2245 | D:3      | Killed Grinder
  2246 | D:3      | Reached skill level 5 in Fighting
  2246 | D:3      | Reached skill level 5 in Armour
  2246 | D:3      | Reached skill level 5 in Shields
  2246 | D:3      | Reached XP level 6. HP: 56/56 MP: 5/5
  2373 | D:4      | Reached skill level 5 in Axes
  2375 | D:4      | Reached XP level 7. HP: 49/62 MP: 6/6
  2867 | D:4      | Found an ancient bone altar of Kikubaaqudgha.
  3007 | D:4      | Noticed Duvessa
  3007 | D:4      | Noticed Dowan
  3012 | D:4      | Killed Duvessa
  3022 | D:4      | Killed Dowan
  3126 | D:5      | Entered Level 5 of the Dungeon
  3194 | D:5      | Found a glowing drain.
  3218 | D:5      | Found a transporter.
  3265 | Sewer    | Entered a sewer
  3459 | Sewer    | Reached XP level 8. HP: 71/71 MP: 7/7
  4115 | D:5      | Found a transporter.
  4361 | D:5      | Succumbed to an orc warrior zombie's poison

Illustrated notes

Levels and vault maps discovered:
D:1:      dpeg_arrival_line_fractal, layout_basic
D:2:      layout_basic
D:3:      layout_basic, serial_curves, eino_curves_02, eino_curves_02,
          eino_curves_02, serial_park_tiny_pond, uniq_grinder, uniq_jessica,
          uniq_terence
D:4:      minmay_skewed_foursquare, layout_loops_ring,
          mainiacjoe_overflow_surrounded_room, glass_columns_a, uniq_duvessa
D:5:      gammafunk_cloud_chamber, layout_rooms, cheibrodos_sewer_entry_sluice

Skill      XL: |  1  2  3  4  5  6  7  8 |
---------------+-------------------------+-----
Axes           | 3 4 5 6 |  6.7
Fighting       | 4 5 6 7 |  7.2
Shields        | 4 5 6 7 |  7.2
Armour         | 4 5 6 7 |  7.2

Action                     |  1- 3 |  4- 6 |  7- 9 || total
---------------------------+-------+-------+-------++-------
  Melee: War axe           |    82 |    73 |   186 ||   341
         Headbutt          |    10 |    10 |    30 ||    50
  Throw: Stone             |     1 |       |       ||     1
    Use: Scroll            |       |       |     6 ||     6
 Armour: Scale mail        |    41 |    40 |    97 ||   178
         Chain mail        |       |       |    11 ||    11
  Dodge: Dodged            |    42 |    44 |    75 ||   161
  Block: Buckler           |    19 |     9 |       ||    28
         Kite shield       |       |    18 |    85 ||   103
